 Dungeon Crawl Stone Soup version 0.17-a0-427-ga655056 (webtiles) character file.

2002046 Gorice the Impregnable (level 27, 240/240 HPs)
             Began as a Demigod Wanderer on Feb 9, 2015.
             Escaped with the Orb
             ... and 4 runes on Apr 3, 2015!
             The game lasted 18:35:01 (102597 turns).

Gorice the Impregnable (Demigod Wanderer)         Turns: 102597, Time: 18:35:01

Health: 240/240    AC: 40    Str: 22    XL:     27
Magic:  47/47      EV: 28    Int: 46    God:
Gold:   9294       SH:  0    Dex: 21    Spells: 17 memorised, 5 levels left

rFire  + + .     SeeInvis +     a - +8 lajatang of the Chain {slice, rElec rC+ rN+ Str+5}
rCold  + + .     Clarity  +     r - +8 ice dragon armour
rNeg   + . .     SustAb   +     (no shield)
rPois  .         Gourm    .     n - +0 hat of Zothonua {rC+ Int+3 Dex+3}
rElec  +         Spirit   .     D - +1 cloak of Aschoboq {rF+ rC- MR+ rCorr Int+6}
rCorr  +         Warding  .     j - +2 pair of gloves of the Sun {rC- Regen+ Int+3}
rMut   .         Stasis   .     u - +2 pair of boots {run}
MR     ++++.                    R - amulet of Xezos {Clar Int+4 SInv}
Stlth  +.........               v - ring "Fappar" {rF+ AC+4 Str+2 Int-4}
                                L - ring "Ygawoinn" {rF+ MR+ Int+3}

@: deflect missiles, quick, incredibly resistant to hostile enchantments, very
unstealthy
A: sustain abilities
a: no special abilities
0: Orb of Zot
}: 4/15 runes: decaying, slimy, silver, gossamer


You escaped.
You were not hungry.

You visited 12 branches of the dungeon, and saw 65 of its levels.
You also visited: Labyrinth, Ice Cave and Volcano.

You collected 10997 gold pieces.
You spent 1703 gold pieces at shops.

Inventory:

Hand weapons
 a - the +8 lajatang of the Chain (weapon) {slice, rElec rC+ rN+ Str+5}
   (You acquired it on level 10 of the Dungeon)

   It inflicts extra damage upon your enemies.
   It affects your strength (+5).
   It protects you from cold.
   It insulates you from electricity.
   It protects you from negative energy.
 b - a +0 blowgun
Missiles
 N - 15 curare-tipped needles
Armour
 j - the +2 pair of gloves of the Sun (worn) {rC- Regen+ Int+3}
   (You found it on level 3 of the Elven Halls)

   It affects your intelligence (+3).
   It makes you vulnerable to cold.
   It increases your rate of regeneration.
 n - the +0 hat of Zothonua (worn) {rC+ Int+3 Dex+3}
   (You acquired it on level 1 of the Lair of Beasts)

   It affects your intelligence (+3).
   It affects your dexterity (+3).
   It protects you from cold.
 r - a +8 ice dragon armour (worn)
 u - a +2 pair of boots of running (worn)
   (You found it on level 3 of the Crypt)
 D - the +1 cloak of Aschoboq (worn) {rF+ rC- MR+ rCorr Int+6}
   (You found it on level 7 of the Lair of Beasts)

   It affects your intelligence (+6).
   It protects you from fire.
   It makes you vulnerable to cold.
   It affects your resistance to hostile enchantments.
   It protects you from acid and corrosion.
Magical staves
 E - an uncursed staff of energy
Rods
 S - a +9 rod of shadows (12/12) {!a}
   (You took it off a tengu reaver on level 5 of the Vaults)
Jewellery
 k - an uncursed ring of teleport control
 v - the ring "Fappar" (right hand) {rF+ AC+4 Str+2 Int-4}
   (You took it off a deep elf sorcerer on level 3 of the Elven Halls)

   [ring of protection]

   It affects your AC (+4).
   It affects your strength (+2).
   It affects your intelligence (-4).
   It protects you from fire.
 B - the ring of the Magpie {rPois rN+ Dex+3}
   (You found it on level 3 of the Crypt)

   [ring of positive energy]

   It affects your dexterity (+3).
   It protects you from poison.
   It protects you from negative energy.
 C - the ring of the Moon {Fire +Inv}
   (You took it off a deep elf sorcerer on level 5 of the Vaults)

   [ring of fire]

   It enhances your fire magic, and weakens your ice magic.
   It protects you from fire.
   It makes you vulnerable to cold.
   It lets you turn invisible.
 L - the ring "Ygawoinn" (left hand) {rF+ MR+ Int+3}
   (You found it on level 14 of the Dungeon)

   [ring of protection from fire]

   It affects your intelligence (+3).
   It protects you from fire.
   It affects your resistance to hostile enchantments.
 M - an uncursed amulet of resist mutation
 R - the amulet of Xezos (around neck) {Clar Int+4 SInv}
   (You took it off a vampire knight on level 1 of the Depths)

   [amulet of clarity]

   It provides mental clarity.
   It affects your intelligence (+4).
   It enhances your eyesight.
Magical devices
 d - a wand of heal wounds (5) {!d}
 f - a wand of digging (8)
 l - a wand of teleportation (5) {!d}
 o - a wand of digging (12)
 s - a wand of disintegration (11)
 z - a wand of hasting (7) {!d}
 G - a wand of cold (10)
 I - a wand of digging (12)
Scrolls
 c - 9 scrolls of teleportation {!r}
 e - 17 scrolls of identify
 m - 11 scrolls of fear {!r}
 t - 3 scrolls of blinking
 x - 3 scrolls of fog
 y - a scroll of holy word {!r}
 V - 11 scrolls of remove curse
Potions
 g - 9 potions of invisibility {!q}
 h - 7 potions of curing
 p - 4 potions of might {!q}
 q - 7 potions of resistance {!q}
 K - 6 potions of cancellation {!q}
 O - 2 potions of agility {!q}
 P - a potion of cure mutation {!q}
 Q - 4 potions of magic {!q}
 T - 3 potions of heal wounds {!q}
 W - 6 potions of restore abilities {!q}
 Z - 6 potions of brilliance {!q}
Miscellaneous
 i - a phial of floods
 A - 2 phantom mirrors
 H - a fan of gales
Comestibles
 w - 49 fruits
 F - 10 royal jellies
 J - 6 chunks of flesh
 U - 20 meat rations {!e}


   Skills:
 * Level 18.4 Fighting
 - Level 1.0(10.1) Maces & Flails
 - Level 14.9(15.0) Staves
 - Level 21.0 Armour
 - Level 21.0 Dodging
 - Level 10.6 Stealth
   Level 1.0 Shields
 + Level 18.8 Spellcasting
 - Level 15.5 Conjurations
 - Level 10.0 Charms
 - Level 2.4 Summonings
 - Level 8.0 Fire Magic
 - Level 10.0 Air Magic
 - Level 6.1 Earth Magic
 - Level 4.2 Poison Magic
 - Level 10.0 Evocations


You had 5 spell levels left.
You knew the following spells:

 Your Spells              Type           Power        Failure   Level  Hunger
a - Sting                 Conj/Pois      ####         0%          1    None
b - Iskenderun's Mystic   Conj           ########     0%          4    None
c - Conjure Flame         Conj/Fire      ########     1%          3    None
d - Sticky Flame          Conj/Fire      ########     1%          4    None
e - Fireball              Conj/Fire      ########..   1%          5    None
f - Bolt of Magma         Conj/Fire/Erth #######...   1%          5    None
g - Orb of Destruction    Conj           ########..   1%          7    None
h - Sublimation of Blood  Necr           #####.....   1%          2    None
i - Iron Shot             Conj/Erth      #######...   1%          6    None
p - Cure Poison           Pois           ######....   1%          2    None
A - Apportation           Tloc           #####.....   1%          1    None
B - Summon Butterflies    Summ           ######..     1%          1    None
D - Abjuration            Summ           ######....   1%          3    None
F - Flight                Chrm/Air       #######...   1%          3    None
M - Deflect Missiles      Chrm/Air       #######...   2%          6    None
R - Regeneration          Chrm/Necr      ######....   1%          3    None
S - Swiftness             Chrm/Air       #######.     1%          2    None


Dungeon Overview and Level Annotations

Branches:
Dungeon (15/15)            Temple (1/1) D:7            Lair (8/8) D:11
  Swamp (5/5) Lair:5       Spider (5/5) Lair:6        Slime (6/6) Lair:7
    Orc (4/4) D:12            Elf (3/3) Orc:3        Vaults (5/5) D:14
  Crypt (3/3) Vaults:3       Tomb (0/3) Crypt:3      Depths (5/5) D:15
    Zot (5/5) Depths:5

Shops:
D:8 *   D:10 =   D:12 }   Orc:1 (   Orc:4 =*[(   Elf:2 *

Portals:
Hell: Depths:1 Depths:2 Depths:3 Depths:4 Depths:5
Abyss: Depths:1 Depths:4
Pandemonium: Depths:3 Depths:4
Ziggurat: Depths:2

Annotations:
D:15 exclusion: Roxanne, Roxanne
Elf:2 2 runed doors
Depths:5 2 runed doors
Zot:3 exclusion: door


Innate Abilities, Weirdness & Mutations

Your attributes are resistant to harm.


Message History

The Orb Guardian is almost dead.
The Orb Guardian is covered in liquid flames!
The Orb Guardian burns!
The Orb Guardian misses you.
You slash the Orb Guardian!
You kill the Orb Guardian!
There is a stone staircase leading up here.
You climb upwards.
You sense a powerful magical force warping space.
There is a stone staircase leading down here.
Eat one of 5 chunks of flesh? (ye/n/q/i?) Eat which item? (? for menu, Esc to quit)
Okay, then.
Unknown command.
Eat one of 5 chunks of flesh? (ye/n/q/i?) This raw flesh tastes terrible.
You continue eating. x2
Magic restored.
HP restored.
There is a stone staircase leading up here.
You climb upwards.
You sense a powerful magical force warping space.
There is a stone staircase leading down here.
There is a stone staircase leading up here.
You climb upwards.
You sense a powerful magical force warping space.
There is a stone staircase leading down here.
There is an escape hatch in the ceiling here.
A mysterious force pulls you upwards. The hatch slams shut behind you.
You sense a powerful magical force warping space.
A goblin comes into view.
The goblin moves out of view.
There is a stone staircase leading up here.
You barely miss the goblin. You hit the goblin.
You kill the goblin!
You see here a goblin corpse.
You butcher the goblin corpse.
J - 6 chunks of flesh (gained 2)
There is a stone staircase leading up here.
You climb upwards.
You sense a powerful magical force warping space.
There is a stone staircase leading down here.
An iron imp comes into view.
A chaos spawn comes into view.
There is an open door here.
You open the door.
There is an open door here.
There is an open door here.
There is a staircase leading out of the dungeon here.
You have escaped!

#..........# ##
########5..####
.# #.......# .#
#.......# .#
#...#'###### .#
#...+......# ##
#...#'####.#
#...#.#..#.#
#...#.'@.+.#
#####.#..#.#
#.####.#
#......#
########


There were no monsters in sight!

Vanquished Creatures
  the royal jelly (Slime:6)
  6 ancient liches
  4 orbs of fire (Zot:5)
  3 greater mummies (Depths:3)
  Margery (Vaults:2)
  Norris (D:14)
  Saint Roka (Orc:4)
  2 caustic shrikes
  5 curse toes
  2 Killer Klowns (Zot:5)
  13 golden dragons
  A profane servitor (Crypt:3)
  Nikola (Elf:1)
  Jory (Crypt:3)
  Frederick (Vaults:2)
  2 bone dragons
  Arachne (Spider:2)
  The ghost of Zigurun the Devastator, a mighty DsWz of Vehumet (Vaults:5)
  5 electric golems
  18 tentacled monstrosities
  3 liches
  26 Orb Guardians
  An Ice Fiend (IceCv)
  11 acid blobs
  Asterion (Vaults:1)
  3 titans
  4 deep elf blademasters (Elf:3)
  4 deep elf master archers (Elf:3)
  10 sphinxes
  3 ancient champions
  Rupert (Lair:5)
  Kirke (Swamp:4)
  20 storm dragons
  8 tengu reavers
  Frances (Spider:5)
  A revenant (Crypt:3)
  3 draconian monks
  9 shadow dragons
  3 azure jellies
  12 frost giants
  8 deep elf sorcerers
  Donald (D:14)
  7 draconian knights
  Wiglaf (Spider:2)
  12 fire giants
  3 iron dragons
  10 ghost moths
  5 draconian scorchers
  Aizul (Vaults:1)
  Louise (Depths:1)
  An orc warlord (Vaults:5)
  2 curse skulls (Crypt:3)
  21 vault wardens
  11 draconian shifters
  5 draconian zealots
  Jorgrun (Spider:5)
  6 draconian annihilators
  10 emperor scorpions
  13 ironheart preservers
  7 ghouls
  3 vampire knights
  3 spriggan defenders
  3 draconian callers
  11 very ugly things
  6 deep elf demonologists
  2 dire elephants
  11 white draconians
  12 green draconians
  8 black draconians
  11 purple draconians
  12 yellow draconians
  5 deep elf annihilators
  28 stone giants
  20 mottled draconians
  2 lorocyprocas
  5 deep elf death magi
  23 red draconians
  Snorg (Swamp:4)
  38 vault guards
  15 ettins
  2 mummy priests (Depths:3)
  4 minotaurs
  6 death oozes (Slime:6)
  2 crystal guardians (D:14)
  19 jiangshi
  2 eidola
  23 yaktaur captains
  A merfolk impaler (Depths:2)
  6 deep elf high priests
  3 rakshasas (Depths:1)
  Fannar (Lair:2)
  20 fire dragons
  18 ice dragons
  11 great orbs of eyes
  Harold (Lair:1)
  8 spriggan air magi
  A ghost crab (shapeshifter) (Elf:3)
  2 anacondas (shapeshifter)
  16 death cobs
  A monstrous demonspawn (Depths:4)
  10 centaur warriors
  A ghost crab (Swamp:4)
  12 hydras
  2 hell beasts
  8 death knights
  Erica (Lair:8)
  11 deep troll shamans
  12 ogre magi
  2 tengu warriors
  3 orc high priests
  4 dancing weapons (Elf:2)
  8 alligators
  28 death yaks
  5 vampire magi
  8 spriggan berserkers
  10 deep troll earth magi
  Urug (D:11)
  2 sun demons
  Nergalle (D:11)
  3 soul eaters
  17 hell knights
  12 shadow wraiths
  5 catoblepae
  A spectral emperor scorpion (Crypt:3)
  8 unseen horrors
  A salamander mystic (Depths:4)
  5 iron trolls
  37 skeletal warriors
  3 giant orange brains
  A fire crab (Vaults:2)
  26 deep trolls
  6 deep elf knights
  5 ice devils
  10 ironbrand convokers
  14 flayed ghosts
  A deep troll (shapeshifter) (Depths:1)
  12 deep elf summoners
  4 death scarabs (Depths:3)
  3 swamp dragons
  3 shambling mangroves
  2 death drakes (Zot:5)
  5 ice statues
  2 spriggan druids (Swamp:3)
  An anaconda skeleton (Crypt:1)
  An unseen horror (shapeshifter) (Elf:3)
  An obsidian statue (Zot:3)
  A spectral hydra (Swamp:5)
  An orb spider (shapeshifter) (Depths:5)
  2 golden dragon skeletons
  A harpy (shapeshifter) (Depths:4)
  30 wolf spiders
  13 deep elf conjurers
  8 hill giants
  2 manticores
  15 necromancers
  22 orc knights
  6 orc sorcerers
  4 harpies
  2 wizards
  3 frost giant zombies
  A firecaller (Vaults:5)
  An oklob plant (Zot:3)
  3 cyclopes
  19 orb spiders
  13 phantasmal warriors
  5 shining eyes
  A salamander (shapeshifter) (Depths:1)
  58 ugly things
  10 griffons
  A manticore (shapeshifter) (Depths:5)
  8 elephants
  2 fire giant skeletons
  26 moths of wrath
  A wolf spider (shapeshifter) (Depths:4)
  2 elf zombies (Vaults:5)
  9 hornets
  A stone giant skeleton (Vaults:2)
  4 eyes of devastation
  2 orange demons
  5 salamanders
  2 sixfirhies
  4 torpor snails
  A smoke demon (Depths:4)
  23 spiny frogs
  7 black mambas
  2 orange crystal statues
  A molten gargoyle (Depths:4)
  21 vault sentinels
  A gargoyle (Volcano)
  5 spectral swamp worms (Depths:5)
  The ghost of Fusha the Summoner, an experienced FeSu of Vehumet (D:9)
  12 komodo dragons
  4 kobold demonologists (Vaults:3)
  4 efreet
  11 demonic crawlers
  90 yaktaurs
  3 swamp worm zombies (Swamp:5)
  A purple draconian zombie (Crypt:2)
  52 jumping spiders
  12 trolls
  2 jumping spiders (shapeshifter)
  4 hydra zombies
  A red devil (D:13)
  A catoblepas skeleton (Crypt:1)
  5 giant leeches
  A redback zombie (D:15)
  5 tengu conjurers
  8 deep elf priests
  A troll (shapeshifter) (Vaults:5)
  4 fire drakes
  2 hellwings
  A silent spectre (Vaults:3)
  A tormentor (Depths:4)
  A yaktaur skeleton (Vaults:3)
  3 guardian mummies (Depths:3)
  25 two-headed ogres
  3 burning bushes (Zot:3)
  Sonja (Orc:3)
  12 freezing wraiths
  2 queen bees (shapeshifter)
  A wandering mushroom (Zot:2)
  13 blink frogs
  Grinder (D:6)
  A boulder beetle (shapeshifter) (Depths:5)
  A tarantella zombie (Vaults:5)
  4 polar bears
  2 raiju (shapeshifter)
  54 slime creatures
  A baby alligator (shapeshifter) (Vaults:2)
  2 baby alligators (Swamp:4)
  13 bog bodies
  10 blue devils
  2 ettin zombies (Vaults:5)
  A griffon zombie (Crypt:1)
  A spectral swamp dragon (Swamp:5)
  5 basilisks
  35 ravens
  3 alligator zombies (Swamp:5)
  8 boulder beetles
  49 flying skulls
  A black mamba zombie (Crypt:1)
  23 deep elf magi
  A trapdoor spider zombie (Crypt:1)
  A redback (shapeshifter) (Vaults:5)
  13 wraiths
  A shadow dragon simulacrum (Crypt:3)
  15 trapdoor spiders
  76 redbacks
  An ettin skeleton (Vaults:3)
  A fire giant simulacrum (Crypt:3)
  7 shadows
  13 spriggans
  A water elemental (Depths:2)
  60 yaks
  6 wyverns
  A steam dragon (D:14)
  A steam dragon (shapeshifter) (Vaults:5)
  10 vampires
  7 fire bats (Depths:1)
  A mottled dragon (D:15)
  7 wargs
  12 air elementals
  31 tarantellas
  A golden eye (shapeshifter) (Vaults:5)
  A golden eye (Slime:6)
  36 vampire mosquitoes
  19 hippogriffs
  38 deep elf fighters
  16 humans
  3 neqoxecs
  2 chaos spawn (Depths:3)
  2 hungry ghosts
  20 fire elementals
  35 swamp worms
  The ghost of Gorice the Skirmisher, an average KoWn (D:3)
  11 wolves
  3 hell hounds
  3 soldier ants
  18 insubstantial wisps
  23 water moccasins
  19 porcupines
  A monstrous demonspawn skeleton (Crypt:1)
  3 eyes of draining
  44 spiders
  6 ice beasts
  25 centaurs
  52 orc warriors
  5 sky beasts
  12 wasps
  A black bear (shapeshifter) (Elf:1)
  A boggart (shapeshifter) (Depths:5)
  36 ogres
  7 necrophages
  4 swamp dragon zombies (Swamp:5)
  2 black bears
  8 swamp drakes
  18 boggarts
  A black mamba simulacrum (Crypt:1)
  A snapping turtle skeleton (Crypt:1)
  6 phantoms
  Sigmund (D:6)
  18 crocodiles
  3 yaktaur zombies
  A hog skeleton (Crypt:1)
  3 lost souls
  A komodo dragon zombie (Crypt:2)
  A boring beetle (Lair:8)
  Blork the orc (D:6)
  7 human zombies
  10 big kobolds
  A deep troll simulacrum (Vaults:5)
  21 giant frogs
  A gnoll sergeant (D:9)
  7 scorpions
  A water moccasin skeleton (Crypt:1)
  9 wights
  3 small abominations (Crypt:3)
  A human simulacrum (Vaults:2)
  2 vampire bats (Lair:7)
  A killer bee (shapeshifter) (Vaults:5)
  2 quasits
  A raiju skeleton (Crypt:2)
  2 goliath beetles
  An oklob sapling (Zot:3)
  22 orc priests
  A wasp zombie (D:10)
  6 centaur zombies
  8 electric eels
  3 giant frog skeletons
  A gnoll shaman (D:9)
  20 hounds
  A wolf skeleton (Crypt:2)
  8 crimson imps
  A giant frog zombie (D:5)
  17 jellies
  27 orc wizards
  4 centaur skeletons
  14 iguanas
  4 iron imps
  6 human skeletons (Crypt:2)
  2 hell rats (Elf:3)
  A spectral orc (D:11)
  A killer bee zombie (D:7)
  A boulder beetle simulacrum (Vaults:3)
  A lightning spire (Zot:3)
  4 spectral swamp drakes (Swamp:5)
  12 worker ants
  A centaur simulacrum (D:9)
  18 sheep
  A necrophage skeleton (Crypt:3)
  A hound skeleton (D:9)
  A mummy (Depths:3)
  2 worker ant zombies (D:9)
  Robin (D:2)
  27 adders
  2 swamp drake zombies (Swamp:5)
  15 gnolls
  An orc zombie (D:11)
  7 shadow imps
  A giant mite (D:6)
  49 river rats
  11 white imps
  2 worms (D:2)
  8 ufetubi
  A lava snake zombie (Crypt:1)
  3 adder skeletons
  5 giant geckos
  An ooze (D:2)
  185 orcs
  3 ball pythons
  A bat skeleton (D:6)
  6 giant cockroaches
  28 hobgoblins
  22 jackals
  91 kobolds
  8 quokkas
  A river rat zombie (Crypt:2)
  18 bats
  A giant gecko skeleton (D:5)
  A giant gecko zombie (Crypt:2)
  4 giant newts
  20 goblins
  A quokka skeleton (D:7)
  14 rats
  27 ballistomycetes
  2 butterflies
  2 crawling corpses (Elf:1)
  A fungus (Elf:3)
  17 plants
3483 creatures vanquished.

Vanquished Creatures (collateral kills)
  2 azure jellies (Slime:6)
  2 jellies (Slime:6)
4 creatures vanquished.

Vanquished Creatures (others)
  A golden dragon (Zot:1)
  An eldritch tentacle (Zot:5)
  A frost giant (Depths:3)
  A draconian scorcher (Zot:4)
  A draconian zealot (Zot:4)
  A jiangshi (Crypt:3)
  A deep elf conjurer (Elf:1)
  A necromancer (Vaults:2)
  2 moths of wrath
  A centaur skeleton (D:15)
  A hellwing (Vaults:3)
  2 spriggans (Swamp:5)
  A vampire mosquito (Vaults:1)
  2 humans (Swamp:4)
  A deep elf fighter (Elf:3)
  3 hogs (Swamp:4)
  A wasp (Swamp:5)
  A spider (Zot:4)
  2 lost souls
  A wyvern zombie (D:14)
  An oklob sapling (Zot:3)
  2 crimson imps (D:14)
  A human skeleton (Crypt:2)
  A white imp (IceCv)
  4 ufetubi (IceCv)
  6 giant spores
  A ballistomycete (D:14)
  10 butterflies
  45 eldritch tentacle segments (Zot:5)
  13 fungi
  15 plants
125 creatures vanquished.

Grand Total: 3612 creatures vanquished

Notes
Turn   | Place    | Note
--------------------------------------------------------------
     0 | D:1      | Gorice, the Demigod Wanderer, began the quest for the Orb.
     0 | D:1      | Gorice set off with: a +2 quarterstaff, a +0 hand axe, a scroll of teleportation {!r}, a +0 robe, a bread ration {!e}
     0 | D:1      | Reached XP level 1. HP: 19/19 MP: 2/2
    45 | D:1      | Reached skill level 2 in Staves
   194 | D:1      | Reached XP level 2. HP: 20/26 MP: 3/3
   651 | D:2      | Reached XP level 3. HP: 23/31 MP: 5/5
   721 | D:2      | Noticed Robin
   765 | D:2      | Killed Robin
   765 | D:2      | Reached skill level 3 in Staves
   765 | D:2      | Reached skill level 1 in Armour
   887 | D:2      | Found a snail-covered altar of Cheibriados.
   987 | D:2      | Found a burning altar of Makhleb.
   990 | D:2      | Found a glowing silver altar of Zin.
   990 | D:2      | Noticed an angel
   990 | D:2      | Noticed a cacodemon
  1033 | D:2      | Reached skill level 2 in Dodging
  1379 | D:2      | Reached XP level 4. HP: 33/39 MP: 7/7
  1798 | D:3      | Noticed Gorice's ghost (average KoWn)
  1826 | D:3      | Killed Gorice's ghost
  1826 | D:3      | Reached skill level 4 in Staves
  1826 | D:3      | Reached skill level 2 in Armour
  1826 | D:3      | Reached XP level 5. HP: 20/45 MP: 8/8
  2554 | D:4      | Reached XP level 6. HP: 51/51 MP: 10/10
  2773 | D:4      | Reached skill level 3 in Dodging
  3132 | D:5      | Entered Level 5 of the Dungeon
  3136 | D:5      | Reached skill level 5 in Staves
  3334 | D:5      | Reached skill level 3 in Armour
  3334 | D:5      | Reached XP level 7. HP: 52/57 MP: 12/12
  3571 | D:5      | HP: 14/57 [something (6)]
  3571 | D:5      | HP: 6/57 [something (8)]
  3577 | D:5      | Killed an unseen horror
  3577 | D:5      | Reached skill level 6 in Staves
  3577 | D:5      | Reached skill level 4 in Armour
  3577 | D:5      | Reached skill level 4 in Dodging
  3577 | D:5      | Reached XP level 8. HP: 12/64 MP: 13/13
  3965 | D:5      | Reached skill level 7 in Staves
  4333 | D:5      | Found a shattered altar of Ashenzari.
  4571 | D:6      | Noticed Blork the orc
  4616 | D:6      | Killed Blork the orc
  4616 | D:6      | Reached skill level 5 in Dodging
  4721 | D:6      | Found a bloodstained altar of Trog.
  4844 | D:6      | Noticed Grinder
  4852 | D:6      | Paralysed by Grinder for 3 turns
  4861 | D:6      | Killed Grinder
  4861 | D:6      | Reached skill level 8 in Staves
  4861 | D:6      | Reached skill level 5 in Armour
  4930 | D:6      | Noticed Sigmund
  4947 | D:6      | Killed Sigmund
  5153 | D:6      | Found a radiant altar of Vehumet.
  5153 | D:6      | Found a basalt altar of Yredelemnul.
  5428 | D:6      | Reached XP level 9. HP: 70/70 MP: 15/15
  6218 | D:7      | Reached skill level 6 in Dodging
  6250 | D:7      | Found a shadowy altar of Dithmenos.
  6316 | D:7      | Reached skill level 9 in Staves
  6348 | D:7      | Found a staircase to the Ecumenical Temple.
  6365 | Temple   | Entered the Ecumenical Temple
  6745 | D:7      | Found a sparkling altar of Nemelex Xobeh.
  6771 | D:7      | Found a white marble altar of Elyvilon.
  6965 | D:8      | Reached skill level 6 in Armour
  7108 | D:8      | Found an ancient bone altar of Kikubaaqudgha.
  7134 | D:8      | Found a sacrificial altar of Ru.
  7284 | D:8      | Found Twoac's General Store.
  7292 | D:8      | Bought 2 scrolls of remove curse for 84 gold pieces
  7336 | D:8      | Bought a potion of agility for 56 gold pieces
  7336 | D:8      | Bought a scroll of identify for 28 gold pieces
  7336 | D:8      | Bought a +0 pair of boots for 63 gold pieces
  7583 | D:9      | Noticed Fusha's ghost (experienced FeSu)
  7602 | D:9      | Killed Fusha's ghost
  7870 | D:8      | Reached skill level 10 in Staves
  7932 | D:9      | Reached XP level 10. HP: 77/77 MP: 17/17
  8124 | D:9      | Reached skill level 7 in Dodging
  8171 | D:9      | Got a coiled tin amulet
  8172 | D:9      | Identified the amulet of the Good {Clar rC- rN+ MR+ Str+4 SInv} (You found it on level 9 of the Dungeon)
  8290 | D:9      | Upgraded the game from 0.16-a0-3946-g4f19e5c to 0.16-a0-3963-gf3423b3
  8292 | D:10     | Entered Level 10 of the Dungeon
  8292 | D:10     | Noticed an orc knight
  8292 | D:10     | Noticed an orc sorcerer
  8413 | D:10     | Reached skill level 7 in Armour
  8512 | D:10     | HP: 23/77 [orc knight/war axe (16)]
  8527 | D:10     | HP: 21/77 [orc knight/war axe (5)]
  9920 | D:9      | Reached skill level 11 in Staves
 10155 | D:10     | Noticed a hill giant
 10180 | D:10     | HP: 23/77 [hill giant/giant club (6)]
 10200 | D:10     | HP: 12/77 [hill giant/giant club (12)]
 10559 | D:9      | Killed a hill giant
 10663 | D:9      | Killed an orc knight
 11278 | D:10     | Noticed a hill giant
 11290 | D:10     | Killed a hill giant
 11290 | D:10     | Reached skill level 8 in Dodging
 11577 | D:10     | Found Fiohoh's Jewellery Boutique.
 11597 | D:10     | Bought an uncursed ring of protection from cold for 400 gold pieces
 11689 | D:10     | Reached XP level 11. HP: 82/82 MP: 18/18
 12091 | D:10     | Killed an orc sorcerer
 12095 | D:10     | HP: 24/82 [poisoned by an orc warrior]
 12097 | D:10     | HP: 4/82 [orc warrior/halberd of venom[an orc knight] (17)]
 12119 | D:10     | Reached skill level 8 in Armour
 12410 | D:10     | Identified a scroll of acquirement
 12411 | D:10     | Got a crystal lajatang
 12412 | D:10     | Identified the +8 lajatang of the Chain {slice, rElec rPois- rC+ rN+ Str+5} (You acquired it on level 10 of the Dungeon)
 12484 | D:11     | Noticed Urug
 12733 | D:11     | Killed Urug
 12733 | D:11     | Reached skill level 12 in Staves
 13109 | D:11     | Found a staircase to the Lair.
 13203 | D:11     | Noticed Nergalle
 13247 | D:11     | Killed Nergalle
 13501 | Lair:1   | Entered Level 1 of the Lair of Beasts
 13501 | Lair:1   | Noticed Harold
 13555 | Lair:1   | Killed Harold
 13931 | D:10     | Bought an uncursed ring of poison resistance for 320 gold pieces
 14030 | D:11     | Reached skill level 9 in Dodging
 14498 | Lair:1   | Reached skill level 9 in Armour
 14510 | Lair:1   | HP: 23/82 [porcupine's spines (4)]
 15603 | Lair:1   | Reached skill level 13 in Staves
 16037 | Lair:2   | Reached XP level 12. HP: 63/90 MP: 19/19
 16066 | Lair:2   | Learned a level 2 spell: Cure Poison
 16366 | Lair:2   | Found a glowing silver altar of Zin.
 16435 | Lair:2   | Noticed Fannar
 16450 | Lair:2   | Killed Fannar
 16886 | Lair:3   | Noticed a seven-headed hydra
 16899 | Lair:3   | Killed a seven-headed hydra
 17255 | Lair:3   | Reached skill level 10 in Dodging
 18212 | Lair:1   | Learned a level 1 spell: Sting
 18217 | Lair:1   | Learned a level 4 spell: Iskenderun's Mystic Blast
 18429 | Lair:4   | Reached skill level 14 in Staves
 18436 | Lair:4   | Reached skill level 10 in Armour
 18843 | Lair:4   | Reached skill level 1 in Poison Magic
 19572 | Lair:5   | Reached skill level 1 in Conjurations
 19638 | Lair:5   | Learned a level 1 spell: Summon Butterflies
 19696 | Lair:5   | Reached skill level 1 in Spellcasting
 19867 | Lair:5   | Noticed Rupert
 20548 | Lair:6   | Reached skill level 2 in Poison Magic
 20754 | Lair:6   | Found a labyrinth entrance.
 20761 | Lair:6   | Found a hole to the Spider Nest.
 20775 | Lair:6   | Reached skill level 6 in Conjurations
 20775 | Lair:6   | Reached XP level 13. HP: 95/95 MP: 22/22
 20778 | Lab      | Entered a labyrinth
 20894 | Lab      | Got a shimmering troll leather armour
 20930 | Lab      | Identified the +2 troll leather armour "Athoh" {rC+ Regen+ MP+9 Str-2 SInv} (You took it off a minotaur in a labyrinth)
 21519 | Lair:6   | Reached skill level 2 in Spellcasting
 21763 | Lair:6   | Reached skill level 3 in Poison Magic
 22416 | Lair:6   | Reached XP level 14. HP: 99/102 MP: 25/25
 22459 | Lair:6   | Reached skill level 7 in Conjurations
 22519 | Lair:7   | Got an ichor-stained cloak
 22530 | Lair:7   | Reached skill level 4 in Poison Magic
 22543 | Lair:7   | Identified the +1 cloak of Aschoboq {rF+ rC- MR+ rCorr Int+6} (You found it on level 7 of the Lair of Beasts)
 22735 | Lair:7   | Reached skill level 3 in Spellcasting
 22886 | Lair:7   | Found a staircase to the Slime Pits.
 22887 | Lair:7   | Found a viscous altar of Jiyva.
 23275 | Lair:7   | Reached skill level 11 in Dodging
 23350 | Lair:7   | Reached skill level 4 in Spellcasting
 23419 | Lair:7   | Reached skill level 11 in Armour
 23828 | Lair:8   | Entered Level 8 of the Lair of Beasts
 24052 | Lair:8   | HP: 30/102 [five-headed hydra (12)]
 24054 | Lair:8   | Reached skill level 8 in Conjurations
 24519 | Lair:8   | Noticed Erica
 24529 | Lair:8   | Killed Erica
 24761 | Lair:8   | Upgraded the game from 0.16-a0-3963-gf3423b3 to 0.16-a0-3976-g683f154
 24847 | Lair:8   | Reached skill level 5 in Spellcasting
 25737 | Lair:8   | HP: 29/102 [death yak (23)]
 25785 | Lair:8   | HP: 27/102 [black mamba (4)]
 26086 | Lair:8   | Reached skill level 9 in Conjurations
 26086 | Lair:8   | Reached XP level 15. HP: 104/107 MP: 31/31
 26166 | Lair:8   | Reached skill level 6 in Spellcasting
 26459 | Lair:8   | Got a faintly humming ring mail
 26722 | D:12     | Found a staircase to the Orcish Mines.
 26868 | D:12     | Reached skill level 1 in Summonings
 26876 | D:12     | Reached skill level 12 in Dodging
 26920 | D:12     | Got a crude ring mail
 27215 | D:12     | Found Ykiut's Quality Used Wands.
 27331 | D:12     | Learned a level 3 spell: Conjure Flame
 27336 | D:12     | Learned a level 4 spell: Sticky Flame
 27479 | Orc:1    | Entered Level 1 of the Orcish Mines
 27937 | Orc:1    | Found a roughly hewn altar of Beogh.
 28134 | Orc:3    | Found a staircase to the Elven Halls.
 28306 | Orc:3    | Noticed Sonja
 28348 | Orc:3    | Killed Sonja
 28523 | Orc:4    | Entered Level 4 of the Orcish Mines
 28528 | Orc:4    | Found an iron altar of Okawaru.
 28539 | Orc:4    | Reached skill level 2 in Summonings
 28825 | Orc:4    | Found a dark tunnel.
 28853 | Volcano  | Entered a volcano
 28994 | Volcano  | Reached skill level 12 in Armour
 29645 | Orc:4    | Noticed Saint Roka
 29685 | Orc:3    | Reached skill level 1 in Fire Magic
 29868 | Orc:4    | Killed Saint Roka
 29868 | Orc:4    | Reached skill level 7 in Spellcasting
 29868 | Orc:4    | Reached skill level 2 in Fire Magic
 29878 | Orc:4    | Found a roughly hewn altar of Beogh.
 29881 | Orc:4    | Upgraded the game from 0.16-a0-3976-g683f154 to 0.16-a0-3992-g631dd12
 29893 | Orc:4    | Found Qorovubb's Antique Weapon Shoppe.
 29900 | Orc:4    | Found Iwiamusa's General Store.
 29906 | Orc:4    | Found Nieroj's Jewellery Shoppe.
 29913 | Orc:4    | Found Fyext's Antique Armour Shoppe.
 29980 | Orc:4    | Bought a scroll of remove curse for 45 gold pieces
 30012 | Orc:4    | Bought a glowing cloak for 130 gold pieces
 30012 | Orc:4    | Bought a polished helmet for 275 gold pieces
 30673 | Orc:1    | Found Plawn's Antique Weapon Emporium.
 31053 | Lair:1   | Identified the cursed -2 ring mail "Plog" {-Cast MR+ rCorr Str+2 Int+4} (You found it on level 12 of the Dungeon)
 31074 | Lair:1   | Identified the +4 ring mail "Phuiph" {Regen+ Str+2 Slay-2 SInv} (You found it on level 8 of the Lair of Beasts)
 31084 | Lair:1   | Identified the +0 helmet of Summer {Dex+2} (You bought it in a shop on level 4 of the Orcish Mines)
 31131 | Lair:1   | Upgraded the game from 0.16-a0-3992-g631dd12 to 0.16-a0-4002-g2d13b8e
 31694 | D:13     | Found an opulent altar of Gozag.
 31932 | D:14     | Found a gate to the Vaults.
 31932 | D:14     | Noticed Norris
 31932 | D:14     | Noticed Donald
 32023 | D:14     | Killed Norris
 32023 | D:14     | Reached skill level 3 in Fire Magic
 32034 | D:14     | HP: 30/107 [Donald/war axe of chopping (3)]
 32036 | D:14     | Killed Donald
 32407 | D:14     | Found a runed door.
 32872 | D:14     | Reached skill level 4 in Fire Magic
 33044 | D:15     | Entered Level 15 of the Dungeon
 33310 | D:15     | Noticed Roxanne
 33407 | D:15     | Reached skill level 8 in Spellcasting
 33432 | D:15     | Reached skill level 13 in Dodging
 33443 | D:15     | Reached XP level 16. HP: 97/115 MP: 33/34
 33677 | D:15     | Found a staircase to the Depths.
 34078 | D:15     | Reached skill level 5 in Fire Magic
 34187 | D:15     | Reached skill level 13 in Armour
 35231 | Lair:5   | Killed Rupert
 35295 | Lair:5   | Found a staircase to the Swamp.
 35592 | Spider:1 | Entered Level 1 of the Spider Nest
 35810 | Spider:1 | Reached skill level 4 in Fighting
 36696 | Spider:1 | Reached skill level 9 in Spellcasting
 37495 | Spider:2 | Noticed Wiglaf
 37597 | Spider:2 | Killed Wiglaf
 37597 | Spider:2 | Reached skill level 2 in Stealth
 38007 | Spider:1 | Reached skill level 5 in Fighting
 38244 | Spider:2 | Noticed Arachne
 38282 | Spider:2 | Killed Arachne
 38341 | Spider:2 | Reached skill level 3 in Stealth
 39141 | Spider:3 | Got a smoking robe
 39142 | Spider:3 | Identified the +2 robe of Tititah {rC+ Regen+ Str+2 Dex-2} (You found it on level 3 of the Spider Nest)
 40401 | Spider:4 | Reached skill level 6 in Fighting
 40413 | Spider:4 | Reached skill level 4 in Stealth
 40415 | Spider:4 | Reached skill level 14 in Dodging
 40577 | Spider:4 | Reached XP level 17. HP: 119/128 MP: 12/35
 40708 | Spider:4 | Reached skill level 14 in Armour
 41512 | Spider:5 | Entered Level 5 of the Spider Nest
 41553 | Spider:5 | Reached skill level 5 in Stealth
 41558 | Spider:5 | Noticed Jorgrun
 41578 | Spider:5 | Killed Jorgrun
 41931 | Spider:5 | Noticed Frances
 41988 | Spider:5 | Killed Frances
 42084 | Spider:5 | Reached skill level 7 in Fighting
 42467 | Spider:5 | Reached skill level 6 in Stealth
 42985 | Spider:5 | Paralysed by a hornet for 2 turns
 43247 | Spider:5 | HP: 39/133 [poisoned by an emperor scorpion]
 43252 | Spider:5 | HP: 37/133 [poisoned by an emperor scorpion]
 43670 | Spider:5 | Got a gossamer rune of Zot
 44146 | Swamp:1  | Entered Level 1 of the Swamp
 44607 | Swamp:1  | Reached skill level 8 in Fighting
 45751 | Swamp:3  | Found a frozen archway.
 45780 | Swamp:3  | HP: 30/136 [six-headed hydra[a spriggan druid] (12)]
 46073 | IceCv    | Entered an ice cave
 46390 | IceCv    | HP: 37/136 [Ice Fiend/bolt of cold (13)]
 46563 | IceCv    | HP: 33/136 [Ice Fiend/bolt of cold (13)]
 46572 | IceCv    | Reached skill level 15 in Armour
 46572 | IceCv    | Reached skill level 15 in Dodging
 46970 | Swamp:3  | Reached skill level 9 in Fighting
 46970 | Swamp:3  | Reached XP level 18. HP: 143/145 MP: 36/36
 47622 | Swamp:4  | Noticed Kirke
 47989 | Swamp:4  | HP: 43/145 [poison (poison gas)]
 48000 | Swamp:4  | Killed Kirke
 48747 | Lair:1   | Learned a level 5 spell: Fireball
 48824 | Vaults:1 | Entered Level 1 of the Vaults
 48958 | Vaults:1 | Noticed Asterion
 49937 | Vaults:1 | Reached skill level 10 in Fighting
 50621 | Vaults:1 | Killed Asterion
 51044 | Vaults:2 | Noticed Frederick
 51086 | Vaults:2 | HP: 1/149 [Frederick/iron shot (71)]
 51256 | Lair:1   | Got a slimy helmet
 51267 | Lair:1   | Identified the +0 helmet of Neennae {Int+5} (You acquired it on level 1 of the Lair of Beasts)
 51268 | Lair:1   | Got a spiked shield
 51276 | Lair:1   | Identified the +3 shield of Unreason {rF+ Str+2 Dex-3 Slay+5} (You acquired it on level 1 of the Lair of Beasts)
 51382 | D:14     | HP: 26/149 [crystal guardian/crystal bolt (31)]
 51656 | Swamp:5  | Entered Level 5 of the Swamp
 51656 | Swamp:5  | Noticed Snorg
 51667 | Swamp:4  | Killed Snorg
 52144 | Swamp:5  | Reached skill level 16 in Dodging
 53198 | Swamp:5  | Noticed a bone dragon
 53229 | Swamp:5  | Killed a bone dragon
 53446 | Swamp:5  | Got a decaying rune of Zot
 53515 | Swamp:5  | Reached skill level 11 in Fighting
 53774 | Lair:1   | Got a bloodstained cloak
 53785 | Lair:1   | Identified the +1 cloak of Classification {+Blink Int+2 Dex-4} (You acquired it on level 1 of the Lair of Beasts)
 53805 | Lair:1   | Upgraded the game from 0.16-a0-4002-g2d13b8e to 0.16-a0-4005-g3d13fd6
 53877 | Vaults:2 | Noticed Aizul
 53898 | Vaults:1 | Killed Aizul
 53898 | Vaults:1 | Reached skill level 6 in Fire Magic
 54217 | Vaults:3 | Found a staircase to the Crypt.
 54252 | Vaults:3 | Reached XP level 19. HP: 152/157 MP: 27/37
 54493 | Vaults:3 | Reached skill level 10 in Conjurations
 55139 | Vaults:3 | HP: 22/158 [green death/bolt of poison[an ironheart preserver] (33)]
 55140 | Vaults:3 | HP: 5/158 [reaper/enchanted scythe[an ironheart preserver] (16)]
 55147 | Vaults:3 | Reached skill level 7 in Fire Magic
 55159 | Vaults:3 | HP: 38/158 [deep troll[an ironheart preserver] (1)]
 56250 | Vaults:3 | Reached skill level 11 in Conjurations
 56910 | Vaults:4 | Reached skill level 10 in Spellcasting
 57690 | Vaults:4 | Found a white marble altar of Elyvilon.
 57822 | Vaults:4 | Reached skill level 8 in Fire Magic
 57862 | Vaults:4 | Reached skill level 12 in Fighting
 57862 | Vaults:4 | Reached skill level 12 in Conjurations
 58767 | Vaults:2 | Reached XP level 20. HP: 131/168 MP: 38/38
 59041 | Vaults:2 | HP: 40/168 [stone giant skeleton[a necromancer] (50)]
 59316 | Vaults:2 | Killed Frederick
 59680 | Vaults:2 | Noticed Margery
 59702 | Vaults:2 | Killed Margery
 59702 | Vaults:2 | Reached skill level 13 in Conjurations
 60039 | Lair:1   | Learned a level 5 spell: Bolt of Magma
 60388 | D:14     | Got an ancient tin ring
 60393 | D:14     | Identified the ring "Ygawoinn" {rF+ MR+ Int+3} (You found it on level 14 of the Dungeon)
 60410 | D:14     | Upgraded the game from 0.16-a0-4005-g3d13fd6 to 0.16-a0-4013-gd591273
 60410 | D:14     | Upgraded the game from 0.16-a0-4013-gd591273 to 0.16-a0-4020-g6ff35b5
 60410 | D:14     | Upgraded the game from 0.16-a0-4020-g6ff35b5 to 0.16-a0-4024-g0ecf4ac
 60529 | Lair:1   | Upgraded the game from 0.16-a0-4024-g0ecf4ac to 0.17-a0-1-g1f4be75
 60529 | Lair:1   | Upgraded the game from 0.17-a0-1-g1f4be75 to 0.17-a0-83-g894156c
 60529 | Lair:1   | Upgraded the game from 0.17-a0-83-g894156c to 0.17-a0-288-gaf424a4
 60622 | Elf:1    | Entered Level 1 of the Elven Halls
 60718 | Elf:1    | Reached skill level 11 in Spellcasting
 61023 | Elf:1    | Noticed Nikola
 61042 | Elf:1    | Killed Nikola
 61760 | Elf:2    | Found Ejuehag's General Store.
 61932 | Elf:2    | Found a runed door.
 61954 | Elf:2    | Found a runed door.
 62123 | Elf:3    | Entered Level 3 of the Elven Halls
 62786 | Elf:3    | Reached skill level 13 in Fighting
 62837 | Elf:3    | HP: 50/171 [deep elf master archer/arrow (18)]
 62842 | Elf:3    | Reached skill level 14 in Conjurations
 63888 | Elf:3    | Got a clouded golden ring
 63922 | Elf:3    | Got an iridescent great sword
 63923 | Elf:3    | Identified the cursed +0 great sword of Sysejes {antimagic, rF++} (You took it off a deep elf sorcerer on level 3 of the Elven Halls)
 64403 | Elf:3    | Got a heavily runed brass ring
 64516 | Elf:3    | Reached skill level 3 in Evocations
 64516 | Elf:3    | Reached XP level 21. HP: 178/178 MP: 30/35
 64666 | Elf:3    | Got a pair of spiked gloves
 64687 | Elf:3    | Identified the +2 pair of gloves of the Sun {rC- Regen+ Int+3} (You found it on level 3 of the Elven Halls)
 64740 | Elf:3    | Identified the ring "Fappar" {rF+ AC+4 Str+2 Int-4} (You took it off a deep elf sorcerer on level 3 of the Elven Halls)
 64742 | Elf:3    | Identified the ring "Vulyov" {Fire Str-4 Dex+9} (You took it off a deep elf master archer on level 3 of the Elven Halls)
 65257 | Elf:3    | Identified the Grimoire of Weightlessness (You found it on level 3 of the Elven Halls)
 65476 | Lair:1   | Learned a level 7 spell: Orb of Destruction
 65480 | Lair:1   | Learned a level 3 spell: Regeneration
 65494 | Lair:1   | Got a fine hat
 65505 | Lair:1   | Identified the +0 hat of Zothonua {rC+ Int+3 Dex+3} (You acquired it on level 1 of the Lair of Beasts)
 65984 | Depths:1 | Entered Level 1 of the Depths
 66256 | Depths:1 | Identified a +0 rod of the swarm (14/14) (You found it on level 1 of the Depths)
 66489 | Depths:1 | Found a one-way gate to the infinite horrors of the Abyss.
 66489 | Depths:1 | Noticed Louise
 66647 | Depths:1 | Reached skill level 15 in Conjurations
 66647 | Depths:1 | Reached XP level 22. HP: 138/187 MP: 9/36
 66878 | Depths:1 | Killed Louise
 66878 | Depths:1 | Reached skill level 12 in Spellcasting
 67428 | Depths:1 | Got a scintillating emerald amulet
 67431 | Depths:1 | Identified the amulet of Xezos {Clar Int+4 SInv} (You took it off a vampire knight on level 1 of the Depths)
 67565 | Depths:1 | Upgraded the game from 0.17-a0-288-gaf424a4 to 0.17-a0-377-gdd46233
 67912 | Depths:1 | Found a gateway to Hell.
 68120 | Depths:1 | Reached skill level 4 in Evocations
 68153 | Depths:1 | Identified a +6 rod of ignition (9/9) {!a} (You took it off a vampire knight on level 1 of the Depths)
 68736 | Depths:2 | Reached skill level 14 in Fighting
 68805 | Depths:2 | Found a gateway to a ziggurat.
 69274 | Depths:2 | Reached skill level 5 in Evocations
 69294 | Depths:2 | HP: 37/189 [stone giant/large rock (41)]
 69295 | Depths:2 | HP: 6/189 [stone giant/large rock (32)]
 70159 | Depths:2 | Got a pair of brightly glowing boots
 70175 | Depths:2 | Identified the +1 pair of boots of the Cuttlefish {rF+ Str+10 Stlth-} (You found it on level 2 of the Depths)
 70464 | D:15     | Learned a level 3 spell: Flight
 70565 | Depths:2 | Reached skill level 6 in Evocations
 71275 | Depths:3 | Reached skill level 13 in Spellcasting
 71540 | Depths:3 | Noticed a greater mummy
 71553 | Depths:3 | Killed a greater mummy
 71553 | Depths:3 | Reached skill level 7 in Evocations
 71792 | Depths:3 | HP: 49/190 [yaktaur/poisoned bolt[a yaktaur captain] (17)]
 71797 | Depths:3 | HP: 38/191 [poisoned by a yaktaur]
 71802 | Depths:3 | HP: 31/191 [poisoned by a yaktaur]
 71807 | Depths:2 | HP: 27/191 [poisoned by a yaktaur]
 71812 | Depths:2 | HP: 26/191 [poisoned by a yaktaur]
 71818 | Depths:2 | HP: 26/191 [poisoned by a yaktaur]
 71824 | Depths:2 | HP: 28/191 [poisoned by a yaktaur]
 71830 | Depths:2 | HP: 31/191 [poisoned by a yaktaur]
 71838 | Depths:2 | HP: 35/191 [poisoned by a yaktaur]
 72513 | Depths:3 | Noticed a greater mummy
 72538 | Depths:3 | HP: 52/191 [??? (39)]
 72542 | Depths:3 | Killed a greater mummy
 72542 | Depths:3 | Reached skill level 15 in Fighting
 72740 | Depths:3 | Noticed a greater mummy
 72760 | Depths:3 | HP: 39/192 [??? (30)]
 72764 | Depths:3 | HP: 12/192 [death scarab[a greater mummy] (15)]
 73072 | Depths:3 | Found a one-way gate leading to the halls of Pandemonium.
 73226 | Depths:3 | Reached XP level 23. HP: 179/199 MP: 30/38
 73230 | Depths:3 | Reached skill level 8 in Evocations
 73433 | Depths:3 | HP: 55/199 [??? (42)]
 73437 | Depths:3 | Killed a greater mummy
 73937 | Depths:4 | Reached skill level 9 in Evocations
 73947 | Depths:4 | Reached skill level 14 in Spellcasting
 74786 | Depths:4 | Reached skill level 10 in Evocations
 75590 | Depths:5 | Entered Level 5 of the Depths
 75734 | Depths:4 | HP: 57/199 [spriggan defender/flail of holy wrath[a spriggan defender] (7)]
 76468 | Depths:5 | HP: 54/199 [iron troll (11)]
 76484 | Depths:5 | HP: 57/199 [iron troll (7)]
 76485 | Depths:5 | Reached skill level 15 in Spellcasting
 76498 | Depths:5 | Found a runed door.
 76502 | Depths:5 | HP: 53/199 [white draconian/chilling blast (9)]
 76682 | Depths:5 | Upgraded the game from 0.17-a0-377-gdd46233 to 0.17-a0-427-ga655056
 77102 | Lair:1   | Learned a level 2 spell: Swiftness
 77106 | Lair:1   | Learned a level 3 spell: Abjuration
 77109 | Lair:1   | Learned a level 2 spell: Sublimation of Blood
 77510 | Depths:5 | Reached skill level 16 in Armour
 77941 | Depths:5 | Got a crystal lajatang {freeze}
 77943 | Depths:5 | Identified the cursed +1 lajatang of the Vestibule of Hell {freeze, MR+} (You took it off a frost giant on level 5 of the Depths)
 78177 | Depths:5 | Reached skill level 17 in Armour
 78620 | Depths:5 | Reached XP level 24. HP: 164/206 MP: 25/41
 78703 | Depths:5 | Found a runed door.
 78705 | Depths:5 | Found a runed door.
 78825 | Depths:5 | Found a runed door.
 78923 | Depths:5 | Found a runed door.
 78927 | Depths:5 | Found a runed door.
 78970 | Depths:5 | Found a gate to the Realm of Zot.
 79622 | Slime:1  | Entered Level 1 of the Pits of Slime
 79625 | Slime:1  | Gained mutation: Your magical capacity is low (-10% MP). [a shining eye]
 79635 | Slime:1  | Reached skill level 18 in Armour
 80108 | Slime:6  | Entered Level 6 of the Pits of Slime
 80145 | Slime:6  | Gained mutation: Your body is slowly deteriorating. [a shining eye]
 80518 | Slime:6  | Noticed the royal jelly
 80537 | Slime:6  | Found a viscous altar of Jiyva.
 80548 | Slime:6  | Killed the royal jelly
 80548 | Slime:6  | Reached skill level 19 in Armour
 80978 | Slime:6  | Identified Borgnjor's Grimoire of Black Rites
 80991 | Slime:6  | Got a slimy rune of Zot
 81006 | Slime:6  | Got a crystal arbalest
 81007 | Slime:6  | Identified the cursed +1 arbalest of Chaos {freeze, rF+ rC+} (You found it on level 6 of the Pits of Slime)
 81067 | Slime:6  | Identified Quohyasaedgh's Catalogue of Boosting Displacement
 81073 | Slime:6  | Got a transparent lead ring
 81099 | Slime:6  | Identified the ring "Julu" {rPois rC+ MR- Slay+3 SInv} (You found it on level 6 of the Pits of Slime)
 81159 | Slime:6  | Got a scorched ring mail
 81160 | Slime:6  | Identified the +5 ring mail "Nazo" {+Blink Stlth+} (You found it on level 6 of the Pits of Slime)
 81398 | Lair:1   | Lost mutation: Your magical capacity is low (-10% MP). [potion of cure mutation]
 81398 | Lair:1   | Lost mutation: Your body is slowly deteriorating. [potion of cure mutation]
 81571 | Crypt:1  | Entered Level 1 of the Crypt
 81690 | Crypt:1  | HP: 60/206 [jiangshi (9)]
 83226 | Crypt:2  | Reached skill level 20 in Armour
 83940 | Crypt:3  | Entered Level 3 of the Crypt
 84524 | Crypt:3  | Found a basalt altar of Yredelemnul.
 85061 | Crypt:3  | Reached skill level 21 in Armour
 85061 | Crypt:3  | Reached XP level 25. HP: 151/213 MP: 26/42
 85089 | Crypt:3  | Reached skill level 1 in Earth Magic
 85166 | Crypt:3  | Identified a +0 pair of boots of running (You found it on level 3 of the Crypt)
 85311 | Crypt:3  | Reached skill level 2 in Earth Magic
 85488 | Crypt:3  | Reached skill level 3 in Earth Magic
 85831 | Crypt:3  | Reached skill level 4 in Earth Magic
 86110 | Crypt:3  | Reached skill level 5 in Earth Magic
 86430 | Crypt:3  | Reached skill level 6 in Earth Magic
 86462 | Crypt:3  | Got a coiled iron ring
 86465 | Crypt:3  | Identified the ring "Iroabbu" {rN++ MR+ Str+5 Dex-3} (You found it on level 3 of the Crypt)
 86994 | Crypt:3  | Noticed Jory
 86994 | Crypt:3  | Found a staircase to the Tomb.
 87020 | Crypt:3  | Killed Jory
 87020 | Crypt:3  | Reached skill level 1 in Charms
 87020 | Crypt:3  | Reached skill level 1 in Air Magic
 87022 | Crypt:3  | Got a wavering bronze ring
 87039 | Crypt:3  | Got a transparent iron ring
 87342 | Crypt:3  | Got an ancient tin ring
 87361 | Crypt:3  | Reached skill level 2 in Charms
 87368 | Crypt:3  | Reached skill level 2 in Air Magic
 87524 | Crypt:3  | Identified the ring "Olobb" {rN+ Int+4 Dex+4} (You took it off Jory on level 3 of the Crypt)
 87526 | Crypt:3  | Identified the ring of the Magpie {rPois rN+ Dex+3} (You found it on level 3 of the Crypt)
 87528 | Crypt:3  | Identified the ring "Wiocag" {rElec rF+ rN+ Str+3 Int-2} (You took it off a vampire knight on level 3 of the Crypt)
 87662 | Crypt:3  | Reached skill level 3 in Charms
 87838 | Lair:1   | Learned a level 6 spell: Iron Shot
 88002 | D:12     | Bought a wand of slowing (0) for 19 gold pieces
 88002 | D:12     | Bought a wand of teleportation (0) for 156 gold pieces
 88195 | Depths:3 | Reached skill level 3 in Air Magic
 88338 | Zot:1    | Entered Level 1 of the Realm of Zot
 88372 | Zot:1    | Reached skill level 4 in Charms
 88401 | Zot:1    | Reached skill level 4 in Air Magic
 88728 | Zot:1    | Reached skill level 5 in Charms
 88762 | Zot:1    | Noticed an ancient lich
 88800 | Zot:1    | Reached skill level 5 in Air Magic
 88980 | Zot:1    | Killed an ancient lich
 88980 | Zot:1    | Reached skill level 6 in Charms
 89176 | Zot:1    | Reached skill level 6 in Air Magic
 89622 | Zot:1    | Reached skill level 7 in Charms
 89804 | Zot:1    | Reached skill level 7 in Air Magic
 89818 | Zot:1    | HP: 59/213 [poison (poison gas)]
 89823 | Zot:1    | HP: 42/213 [poison (poison gas)]
 89828 | Zot:1    | HP: 31/213 [poison (poison gas)]
 89833 | Zot:1    | HP: 24/213 [poison (poison gas)]
 89838 | Zot:1    | HP: 19/213 [poison (poison gas)]
 89843 | Zot:1    | HP: 16/213 [poison (poison gas)]
 89849 | Zot:1    | HP: 15/213 [poison (poison gas)]
 89856 | Zot:1    | HP: 15/213 [poison (poison gas)]
 89863 | Zot:1    | HP: 16/213 [poison (poison gas)]
 89871 | Zot:1    | HP: 18/213 [poison (poison gas)]
 90599 | Zot:1    | Reached skill level 8 in Charms
 90896 | Zot:2    | Reached skill level 8 in Air Magic
 91175 | Zot:2    | Reached skill level 9 in Charms
 91213 | Zot:2    | Reached XP level 26. HP: 153/221 MP: 17/43
 91465 | Zot:2    | Reached skill level 9 in Air Magic
 91714 | Zot:2    | HP: 57/221 [purple draconian knight/long sword (12)]
 91950 | Zot:2    | Reached skill level 16 in Spellcasting
 92357 | Zot:2    | Reached skill level 10 in Charms
 92468 | Zot:2    | Reached skill level 10 in Air Magic
 92780 | Lair:1   | Learned a level 6 spell: Deflect Missiles
 92784 | Lair:1   | Identified the Collected Works on Cloudy Confrontation (You acquired it on level 1 of the Lair of Beasts)
 93448 | Zot:3    | Reached skill level 7 in Stealth
 93569 | Zot:3    | Identified the Tome of Helpful Evil
 93668 | Zot:3    | BenDover: the chain features pimp lajatangs
 93670 | Zot:3    | Gorice: cryptic dude
 93670 | Zot:3    | Gorice: last I heard you were getting out of porn and into serious acting!
 93670 | Zot:3    | BenDover: hahaha
 93670 | Zot:3    | BenDover: very srs
 93673 | Zot:3    | Gorice: It is a seriously good lajatang tho
 93725 | Zot:3    | BenDover: yeah
 93725 | Zot:3    | BenDover: plus it glows
 93725 | Zot:3    | Gorice: hmmm
 93815 | Zot:3    | BenDover: if fantasy has taught us anything, it's that weapons that glow are awesome
 93816 | Zot:3    | Gorice: heh, yes
 93816 | Zot:3    | Gorice: at least it's not glowing because it's +contam
 94183 | Zot:3    | Noticed an orb of fire
 94341 | Zot:3    | Reached skill level 8 in Stealth
 94704 | Zot:4    | HP: 58/221 [??? (45)]
 94713 | Zot:4    | Reached skill level 17 in Dodging
 95190 | Zot:4    | Reached skill level 9 in Stealth
 95610 | Zot:4    | Gorice: Sorry got to stop now - lunchtime!
 96372 | Vaults:5 | Entered Level 5 of the Vaults
 96378 | Vaults:5 | Reached skill level 18 in Dodging
 96378 | Vaults:5 | Reached skill level 10 in Stealth
 96379 | Vaults:5 | Noticed Zigurun's ghost (mighty DsWz)
 96465 | Vaults:5 | Killed Zigurun's ghost
 96504 | Vaults:5 | Reached XP level 27. HP: 138/227 MP: 7/45
 96822 | Vaults:5 | Got a scorched plate armour
 96837 | Vaults:5 | Got a scorched silver ring
 97025 | Vaults:5 | Got a silver rune of Zot
 97044 | Vaults:5 | Identified the +0 plate armour of Xom's Hope {rElec rPois Str+4} (You took it off a deep elf high priest on level 5 of the Vaults)
 97047 | Vaults:5 | Identified the ring of the Moon {Fire +Inv} (You took it off a deep elf sorcerer on level 5 of the Vaults)
 97185 | Vaults:5 | Reached skill level 19 in Dodging
 97754 | Vaults:5 | Got a spiked scale mail
 97755 | Vaults:5 | Identified the +7 scale mail "Sihah" {rElec rF+ MR-} (You took it off a vault warden on level 5 of the Vaults)
 98141 | Vaults:5 | Identified a +9 rod of shadows (6/11) {!a} (You took it off a tengu reaver on level 5 of the Vaults)
 98244 | Vaults:5 | Reached skill level 16 in Fighting
 98947 | Lair:1   | Learned a level 1 spell: Apportation
 99098 | Elf:2    | Bought a scroll of enchant armour for 127 gold pieces
 99545 | Zot:5    | Entered Level 5 of the Realm of Zot
 99716 | Zot:5    | Got a heavily runed ring mail
 99748 | Zot:5    | Identified the cursed +0 ring mail "Jestredi" {rPois} (You found it on level 5 of the Realm of Zot)
 99833 | Zot:5    | Reached skill level 20 in Dodging
100455 | Zot:5    | Noticed an orb of fire
100684 | Zot:5    | Reached skill level 17 in Spellcasting
100703 | Zot:5    | Noticed an ancient lich
100708 | Zot:5    | Noticed an ancient lich
100717 | Zot:5    | Killed an ancient lich
100720 | Zot:5    | Killed an ancient lich
100844 | Zot:5    | Noticed an ancient lich
100845 | Zot:5    | Noticed an ancient lich
100853 | Zot:5    | Noticed an orb of fire
100862 | Zot:5    | Killed an ancient lich
100887 | Zot:5    | Killed an orb of fire
100897 | Zot:5    | Killed an ancient lich
100897 | Zot:5    | Reached skill level 17 in Fighting
101163 | Zot:5    | Noticed an ancient lich
101216 | Zot:5    | Reached skill level 18 in Spellcasting
101257 | Zot:5    | Noticed an orb of fire
101264 | Zot:5    | Noticed an ancient lich
101293 | Zot:5    | Gained mutation: Scrolls take you a little longer to read. [an orb of fire]
101300 | Zot:5    | Killed an orb of fire
101310 | Zot:5    | Killed an ancient lich
101317 | Zot:5    | Lost mutation: Scrolls take you a little longer to read. [potion of cure mutation]
101455 | Zot:5    | Noticed an orb of fire
101488 | Zot:5    | Gained mutation: You are frail (-10% HP). [an orb of fire]
101491 | Zot:5    | Gained mutation: You expend magic power (3 MP) to strengthen your wands. [an orb of fire]
101492 | Zot:5    | Killed an orb of fire
101561 | Zot:5    | Reached skill level 21 in Dodging
101657 | Zot:5    | Gained mutation: Armour fits poorly on your strangely shaped body. [an orb of fire]
101658 | Zot:5    | Killed an orb of fire
101660 | Zot:5    | Lost mutation: Armour fits poorly on your strangely shaped body. [potion of cure mutation]
101660 | Zot:5    | Lost mutation: You are frail (-10% HP). [potion of cure mutation]
101660 | Zot:5    | Lost mutation: You expend magic power (3 MP) to strengthen your wands. [potion of cure mutation]
101738 | Zot:5    | Reached skill level 18 in Fighting
101819 | Zot:5    | Got the Orb of Zot
101897 | Zot:5    | Noticed an ancient lich
101966 | Zot:2    | Noticed Roasch the pandemonium lord
102294 | D:13     | Noticed Zuet the pandemonium lord
102597 | D:$      | Escaped with the Orb!

Action                   |  1- 3 |  4- 6 |  7- 9 | 10-12 | 13-15 | 16-18 | 19-21 | 22-24 | 25-27 || total
-------------------------+-------+-------+-------+-------+-------+-------+-------+-------+-------++-------
Melee: Quarterstaff      |   147 |   193 |   569 |   551 |    59 |     5 |       |       |       ||  1524
       Whip              |       |       |    10 |       |       |       |       |       |       ||    10
       Lajatang          |       |       |       |   572 |  1386 |  1885 |   865 |  1915 |  2169 ||  8792
       Staff             |       |       |       |       |       |       |     4 |       |    14 ||    18
 Fire: Hunting sling     |    14 |    13 |     5 |       |       |       |       |       |       ||    32
       Blowgun           |       |       |       |    17 |       |       |       |     1 |       ||    18
Throw: Stone             |       |     3 |       |       |       |       |       |       |       ||     3
       Tomahawk          |       |     6 |    43 |    71 |     2 |       |       |       |       ||   122
       Javelin           |       |       |     6 |    33 |    20 |     6 |       |       |       ||    65
 Cast: Sting             |       |       |       |     3 |   165 |   285 |   101 |     1 |     1 ||   556
       Iskenderun's Myst |       |       |       |       |    39 |    85 |    52 |    32 |     5 ||   213
       Sticky Flame      |       |       |       |       |    41 |   307 |   125 |   198 |   149 ||   820
       Conjure Flame     |       |       |       |       |    33 |   192 |   117 |   118 |    96 ||   556
       Summon Butterflie |       |       |       |       |     3 |     1 |     1 |       |       ||     5
       Cure Poison       |       |       |       |       |       |    36 |     8 |       |    16 ||    60
       Fireball          |       |       |       |       |       |     2 |    72 |    93 |    30 ||   197
       Bolt of Magma     |       |       |       |       |       |       |    65 |   208 |   213 ||   486
       Regeneration      |       |       |       |       |       |       |     4 |    27 |    77 ||   108
       Swiftness         |       |       |       |       |       |       |       |     1 |     2 ||     3
       Flight            |       |       |       |       |       |       |       |     1 |     1 ||     2
       Iron Shot         |       |       |       |       |       |       |       |       |   159 ||   159
       Deflect Missiles  |       |       |       |       |       |       |       |       |     7 ||     7
       Apportation       |       |       |       |       |       |       |       |       |     1 ||     1
 Abil: Evoke Teleportati |       |       |       |       |       |     1 |       |       |       ||     1
       Evoke Teleport Co |       |       |       |       |       |     1 |       |       |       ||     1
Evoke: Wand              |       |     1 |     6 |     9 |    16 |     5 |     1 |     4 |     5 ||    47
       Phantom mirror    |       |       |       |       |       |       |       |     1 |       ||     1
       Staff of energy   |       |       |       |       |       |       |       |       |   458 ||   458
  Use: Scroll            |     3 |     8 |    10 |    15 |     6 |    18 |    10 |    13 |    31 ||   114
       Potion            |       |       |     2 |     4 |     4 |    12 |     6 |    12 |     7 ||    47
 Stab: Distracted        |       |       |       |     1 |       |     2 |     2 |     2 |     3 ||    10
       Sleeping          |       |       |       |     1 |     6 |    14 |     8 |     9 |     5 ||    43
       Petrified         |       |       |       |       |     1 |       |       |       |       ||     1
       Invisible         |       |       |       |       |       |     1 |       |       |       ||     1
  Eat: Chunk             |     2 |     6 |    15 |    38 |    48 |    58 |    36 |    40 |    47 ||   290
       Pizza             |       |       |       |     2 |       |     4 |     1 |       |       ||     7
       Beef jerky        |       |       |       |     1 |     2 |     2 |     2 |       |     3 ||    10
       Bread ration      |       |       |       |       |       |     2 |       |     6 |     4 ||    12
       Fruit             |       |       |       |       |       |     1 |       |     2 |     2 ||     5
       Meat ration       |       |       |       |       |       |       |     1 |       |     3 ||     4

Table legend:
 A = Turns spent in this place as a percentage of turns spent in the entire game.
 B = Non-inter-level travel turns spent in this place as a percentage of non-inter-level travel turns spent in the entire game.
 C = Inter-level travel turns spent in this place as a percentage of turns spent in this place.
 D = Turns resting spent in this place as a percentage of non-inter-level travel turns spent in this place.
 E = Turns spent auto-exploring this place as a percentage of non-inter-level travel turns spent in this place.
 F = Non-inter-level travel turns spent in this place divided by the number of levels of this place that you've seen.
                   A       B       C       D       E      F
               +-------+-------+-------+-------+-------+----------------------
         Total | 100.0 | 100.0 |   0.6 |   2.5 |   2.7 | 715.3
       Dungeon |  18.6 |  18.5 |   1.0 |   1.9 |   3.5 | 599.8
        Temple |   0.0 |   0.0 |  10.0 |   0.0 |   0.0 |  18.0
          Lair |  14.1 |  14.1 |   1.1 |   1.1 |   2.7 | 856.0
         Swamp |   5.4 |   5.4 |   0.6 |   2.0 |   3.6 | 527.0
   Spider Nest |   7.4 |   7.4 |   0.4 |   2.7 |   3.8 | 716.8
    Slime Pits |   2.0 |   2.0 |   0.2 |   2.5 |   0.1 | 162.3
  Orcish Mines |   4.7 |   4.7 |   0.9 |   1.0 |   0.9 | 574.8
   Elven Halls |   3.6 |   3.6 |   0.7 |   3.8 |   3.0 | 579.7
        Vaults |  13.3 |  13.4 |   0.3 |   2.5 |   2.1 | 1300.0
         Crypt |   5.5 |   5.5 |   0.4 |   4.6 |   2.3 | 888.3
        Depths |  12.1 |  12.1 |   0.6 |   5.0 |   2.7 | 1178.4
           Zot |  11.6 |  11.7 |   0.2 |   1.5 |   2.3 | 1137.2
     Labyrinth |   0.3 |   0.3 |   0.0 |   0.0 |   0.0 | 164.0
      Ice Cave |   0.9 |   0.9 |   0.0 |   4.6 |   0.4 | 457.0
       Volcano |   0.4 |   0.4 |   0.0 |   1.1 |   0.0 | 180.0
               +-------+-------+-------+-------+-------+----------------------

Vault maps used:
D:1:      ncdulo_smallfort
D:2:      grunt_temple_overflow_order_and_chaos_2,
          nicolae_overflow_hidden_temple, grunt_decor_clamped, minivault_5,
          uniq_robin
D:3:      minmay_item_behind_shaft
D:4:      minmay_liquid_box
D:5:      minmay_opposing_rooms, lemuel_doored_altar, first_bread,
          grunt_ministairs_8, minivault_14
D:6:      minmay_goblin_kobold_castle, gammafunk_temple_overflow_elements,
          bloody_trog, uniq_grinder, uniq_blork_the_orc, uniq_sigmund
D:7:      old_standard_altar, grunt_dithmenos_smoke, overflow_temple_1_default,
          minmay_temple_entry_statues_fountains
D:8:      nicolae_ru_awakened_eye, kiku_gazebo_garden_becter, serial_shops,
          nicolae_shop_stone
D:9:      kennysheep_housing_project, serial_ice, serial_ice_c, serial_ice_l,
          serial_ice_m, serial_ice_g
D:10:     serial_shops, shop
D:11:     lair_0_dummy, the_bakery, roderic_serpentine_path,
          minmay_curled_crystal, uniq_nergalle, uniq_urug
D:12:     david_orc_2, minmay_misc_feat_plants, serial_bayou_pond_e,
          nicolae_for_you_no_charge
D:13:     lemuel_tele_altar
D:14:     david_vaults_3, serial_park_gazebo, minmay_crystal_box
D:15:     hangedman_depths_entry_civil_slaughter, st_stairs_1, uniq_roxanne
Temple:   zaba_magenta_temple_8
Lair:1:   wad_woods_river_04, minivault_19, uniq_harold
Lair:2:   basic_altar, beast_lair_carwin_8, uniq_fannar
Lair:3:   wad_woods_01, serial_bayou_shore_a, infiniplex_staircase_pool_2
Lair:4:   st_stairs_4, minivault_11, grunt_forest_large_clearings
Lair:5:   nicolae_swamp_entry_splash_gauntlet, uniq_rupert
Lair:6:   spider_nest_entry_web_field, lab_entry_generic
Lair:7:   slime_altar_1, roderic_batcave, nicolae_quartered_pool_super,
          beast_lair_carwin_2
Lair:8:   evilmike_catoblepas_cave, special_room, infiniplex_staircase_pool,
          uniq_erica
Swamp:1:  serial_swamp_ruin, evilmike_swamp_ruin_house_4,
          evilmike_swamp_ruin_house_5
Swamp:2:  hangedman_swamp_blocks, swamp_pool1
Swamp:3:  portal_ice_cave_entry_ice_statue_02, evilmike_swamp_ruin_house_3
Swamp:4:  evilmike_swamp_ruin_house_1, uniq_kirke
Swamp:5:  swamp_pestilence, uniq_snorg
Spider:2: hangedman_spider_mandibles, uniq_arachne, uniq_wiglaf
Spider:4: nicolae_spider_hall_of_the_moth_king
Spider:5: spider_rune_water, uniq_frances, uniq_jorgrun
Orc:1:    serial_shops, shop, basic_altar
Orc:3:    nicolae_orc_pool_cavern, uniq_sonja
Orc:4:    grunt_orc_cross, nicolae_volcano_entry_two_sided, basic_altar
Elf:1:    eino_elf_arrival_the_gate, minivault_28, uniq_nikola
Elf:2:    serial_shops, shop_fountains, serial_co_window_serial,
          co_window_corner_a, co_window_cross_1, co_window_of_opportunity_a,
          co_window_corner_a, co_window_corner_a, co_window_corner_b,
          co_window_2corner, glass_columns_a, glass_columns_b, glass_columns_b,
          glass_columns_a, glass_columns_b
Elf:3:    minmay_elf_hall
Vaults:1: hangedman_vaults_snaps, nicolae_vaults_shelves_hall, v_pattern_2,
          dpeg_vaults_monster_row, st_lattice, grunt_vaults_hallway_short,
          v_misc_28, v_misc_15, hangedman_vaults_maws, uniq_asterion
Vaults:2: hangedman_vaults_slice, ontoclasm_vaults_fault,
          hangedman_vaults_river_flow, v_misc_28, grunt_vaults_funnel,
          vaults_dpeg_ring, hangedman_vaults_maws, vaults_dpeg_cross,
          nicolae_vaults_windows_and_doors_thing, vaults_dpeg_diagonal,
          nicolae_vaults_know_your_exits, v_misc_19, ontoclasm_vaults_shuriken,
          v_misc_25, nicolae_vaults_angled_halls, v_misc_14,
          vaults_dpeg_encased_lava, uniq_frederick, uniq_aizul, uniq_margery
Vaults:3: hangedman_vaults_hat, v_misc_2, vaults_mumra_bighexcomb,
          vaults_room_door_ring, ontoclasm_vaults_idyll,
          minmay_crypt_entry_simple_plaza, grunt_vaults_swirl,
          ontoclasm_vaults_ligature, ontoclasm_vaults_loading_screen
Vaults:4: vaults_mumra_chevron_long, v_misc_18, hangedman_vaults_corner_blocks,
          kb_rosetta, hangedman_vaults_restitches, v_rooms_3, v_alt_pattern_1,
          vaults_dpeg_doors, ontoclasm_vaults_misaligned, basic_altar
Crypt:2:  st_small_mortuary
Crypt:3:  grunt_crypt_end_deaths_head
Depths:1: hangedman_cross_stitches, hellmouth_1,
          nicolae_abyss_entry_one_way_or_another, minmay_misc_feat_ornament,
          horrible_house_mu
Depths:2: minmay_broken_ring, enter_ziggurat_a, hell_entry,
          minmay_misc_feat_tiny, lightli_minifort
Depths:3: ragdoll_tomb_raider, hangedman_abyss_or_decor_jellyfish_corner,
          grunt_hell_entry_dis_grunt, grunt_pan_entry_zigzag,
          grunt_megastairs_3, infiniplex_staircase_river, serial_bayou_shore_b,
          firewood_loft
Depths:4: hourglass_vault, hell_entry, rand_demon_pan_entry_4,
          hangedman_abyss_entry_splay, minmay_misc_feat_tower
Depths:5: evilmike_zot_entry_castle, hangedman_abyss_or_decor_clamps,
          pf_hell_entry_tar_river, minmay_pinched_square
Zot:1:    grunt_deathspiral_small, st_stairs_5
Zot:2:    lemuel_firehouse
Zot:3:    evilmike_crystal_ball_defense, nrook_zot_tub
Zot:4:    hangedman_spider_trapstep
Zot:5:    grunt_ministairs_12
Lab:      labyrinth_mini_lab, nicolae_lab_lava
IceCv:    ice_cave_small_demon
Volcano:  volcano_overflow
